 Dungeon Crawl Stone Soup version 0.22-a0-406-g9ff8d77 (webtiles) character file.

252 dstrtnsr the Chopper (level 5, -5/48 HPs)
             Began as a Minotaur Berserker on May 9, 2018.
             Was a Believer of Trog.
             Slain by Sigmund
             ... wielding a +0 scythe
              (11 damage)
             ... on level 4 of the Dungeon.
             The game lasted 00:01:31 (1424 turns).

dstrtnsr the Chopper (Minotaur Berserker)           Turns: 1424, Time: 00:01:32

Health: -5/48      AC:  9    Str: 22    XL:     5   Next: 89%
Magic:  4/4        EV:  8    Int:  4    God:    Trog [**....]
Gold:   68         SH:  0    Dex: 10    Spells: 4/4 levels left

rFire    . . .     SeeInvis .   p - +1 hand axe (elec)
rCold    . . .     Gourm    .   (no shield)
rNeg     . . .     Faith    .   d - +1 chain mail
rPois    .         Spirit   .   (helmet restricted)
rElec    .         Reflect  .   (no cloak)
rCorr    .         Harm     .   (no gloves)
MR       .....                  (no boots)
Stlth    ..........             (no amulet)
HPRegen  0.16/turn              (no ring)
MPRegen  0.09/turn              (no ring)

@: berserk cooldown, starving, slowed, very slow
A: retaliatory headbutt, horns 2
a: Berserk, Trog's Hand, Renounce Religion


You were on level 4 of the Dungeon.
You worshipped Trog.
Trog was pleased with you.
You were starving.

You visited 1 branch of the dungeon, and saw 4 of its levels.

You collected 68 gold pieces.

Inventory:

Hand Weapons
 a - a +0 hand axe
 l - a +0 war axe
 p - a +1 hand axe of electrocution (weapon)
Armour
 d - a +1 chain mail (worn)
Scrolls
 b - a scroll of blinking {unknown}
 g - a scroll of enchant armour
 h - 3 scrolls of identify {unknown}
 i - a scroll of remove curse {unknown}
 m - a scroll of teleportation {unknown}
 n - a scroll of amnesia {unknown}
Potions
 c - a potion of heal wounds {unknown}
 f - a potion of curing {unknown}
 k - a potion of berserk rage {unknown}
 o - a potion of cancellation {unknown}
Comestibles
 e - 4 rations {!d}


   Skills:
 + Level 5.4 Fighting
 * Level 6.9 Axes
 - Level 2.4 Armour
 - Level 2.1 Dodging


You had 4 spell levels left.
You didn't know any spells.

Dungeon Overview and Level Annotations

Branches:
Dungeon (4/15)
 Temple: D:4-7

Altars:

Annotations:
D:4 Natasha, Sigmund


Innate Abilities, Weirdness & Mutations

You reflexively headbutt those who attack you in melee.
You have a pair of horns on your head.


Message History

You climb downwards.
Sigmund and Natasha come into view.
Natasha hisses angrily.
Sigmund shouts!
Found a short sword and 28 stones.
Found two stone staircases leading up and a stone staircase leading down.
There is a stone staircase leading up here.
Unknown command.
Unknown command.
There are monsters nearby!
You hit Sigmund. You headbutt Sigmund.
Sigmund is lightly wounded.
Sigmund hits you but does no damage.
A red film seems to cover your vision as you go berserk!
You feel yourself moving faster!
You feel mighty!
You are starving!
A bullfrog and a skeleton come into view.
You are too hungry to fight recklessly!
You are too hungry to fight recklessly!
You are too hungry to fight recklessly!
You are too hungry to fight recklessly!
You are too hungry to fight recklessly!
Unknown command.
You are too hungry to fight recklessly!
Unknown command.
You are too hungry to fight recklessly!
You closely miss Sigmund.
Sigmund is lightly wounded.
The bullfrog gives a loud, deep croak!
Sigmund whispers, "You'll know eternity soon."
Sigmund points at you and mumbles some strange words.
You are confused.
You bump into the rock wall.
You feel a strong urge to attack something.
Sigmund barely misses you. Natasha casts a spell at you.
The magic dart hits you! The bullfrog hits you.
Unknown command.
You're too confused to move!
You feel your anger nearly subside.
You are no longer berserk.
You are exhausted.
You feel yourself slow down. Sigmund barely misses you.
You barely miss Sigmund. Your headbutt misses Sigmund.
Sigmund is lightly wounded.
You closely miss Natasha. You closely miss the bullfrog.
The bullfrog hits you but does no damage.
The bullfrog hits you. Natasha closely misses you. Sigmund barely misses you.
You hit Sigmund but do no damage. Your headbutt misses Sigmund.
Sigmund is lightly wounded.
You hit the bullfrog but do no damage. Lightning courses through the bullfrog!
You closely miss Natasha. The bullfrog barely misses you.
The bullfrog hits you. Natasha claws you but does no damage.
The quokka skeleton barely misses you. Sigmund hits you with a scythe!
The bullfrog hits you.
You hit Sigmund but do no damage.
Sigmund is lightly wounded.
Your chain mail prevents you from hitting the bullfrog.
You hit the quokka skeleton.
Lightning courses through the quokka skeleton!
You destroy the quokka skeleton!
Trog accepts your kill.
You hit Natasha but do no damage.
You feel less confused.
Natasha hisses.
Natasha casts a spell at you. You resist with some effort.
The bullfrog closely misses you. Natasha closely misses you.
The bullfrog hits you but does no damage.
Sigmund hits you with a scythe!
Unknown command.
You hit Natasha. Your headbutt misses Natasha.
Natasha is moderately wounded.
You hit Sigmund but do no damage. You closely miss the bullfrog.
The bullfrog hits you. Natasha casts a spell at you. The magic dart hits you!
* * * LOW HITPOINT WARNING * * *
The bullfrog hits you but does no damage.
Sigmund hits you but does no damage.
You closely miss Natasha.
Natasha is moderately wounded.
You hit the bullfrog but do no damage. You hit Sigmund but do no damage.
The bullfrog hits you but does no damage.
Natasha barely misses you. You furiously retaliate!
You headbutt Natasha. The bullfrog hits you.
* * * LOW HITPOINT WARNING * * *
Natasha barely misses you. Sigmund hits you but does no damage.
Unknown command.
Okay, then.
As you read the scroll labeled UDWOEKH AMUS, it crumbles to dust.
It is a scroll of enchant armour.
Really abort (and waste the scroll)? [Y]es or [N]o only, please.
Really abort (and waste the scroll)?
Your +0 chain mail glows green for a moment.
The bullfrog misses you. You furiously retaliate!
You headbutt the bullfrog!
You kill the bullfrog!
Trog accepts your kill. Natasha closely misses you. You furiously retaliate!
You headbutt Natasha. Sigmund hits you with a scythe!
You die...

.... ... #.. #
#.. .#
#..#####.#
#.>#.....#
#.#.......##<..
#....<@....<.#
######.@#.###
#.h...#
..)....#
###.....#
#..#....
#..#.....
#..###(... #..#
.###


You could see Sigmund and Natasha.

Vanquished Creatures
  A phantom (D:3)
  A bullfrog (D:4)
  5 adders
  2 oozes (D:3)
  2 worms (D:2)
  A dart slug (D:2)
  3 leopard geckos
  3 orcs (D:3)
  5 bats
  A giant cockroach (D:2)
  4 goblins
  5 hobgoblins
  A quokka (D:2)
  A frilled lizard (D:2)
  3 kobolds
  A quokka skeleton (D:4)
  3 rats
42 creatures vanquished.

Notes
Turn   | Place    | Note
-------+----------+-------------------------------------------
     0 | D:1      | dstrtnsr the Minotaur Berserker began the quest for the Orb.
     0 | D:1      | Reached XP level 1. HP: 19/19 MP: 0/0
   127 | D:1      | Reached skill level 4 in Axes
   144 | D:2      | Reached XP level 2. HP: 21/27 MP: 1/1
   396 | D:2      | Reached XP level 3. HP: 30/33 MP: 2/2
   592 | D:2      | Reached ** piety under Trog
   770 | D:2      | Reached skill level 5 in Axes
   844 | D:3      | Reached XP level 4. HP: 41/41 MP: 3/3
  1038 | D:3      | Noticed a phantom
  1063 | D:3      | HP: 16/41 [phantom (3)]
  1069 | D:3      | HP: 15/41 [poisoned by an adder]
  1074 | D:3      | HP: 14/61 [poisoned by an adder]
  1075 | D:3      | Killed a phantom
  1075 | D:3      | Reached skill level 5 in Fighting
  1075 | D:3      | Reached skill level 6 in Axes
  1075 | D:3      | Reached XP level 5. HP: 17/48 MP: 4/4
  1411 | D:4      | Noticed Natasha
  1411 | D:4      | Noticed Sigmund
  1422 | D:4      | HP: 18/48 [bullfrog (2)]
  1423 | D:4      | HP: 6/48 [bullfrog (4)]
  1424 | D:4      | Slain by Sigmund

Vault maps used:
D:1:      saegor_arrival_simple_a
D:2:      wad_orctagon
D:3:      portal_sewer_entry_d, minmay_ruptured
D:4:      uniq_natasha, uniq_sigmund

Skill      XL: |  1  2  3  4 |
---------------+-------------+-----
Axes           | 4 5 6 |  6.9
Fighting       | 4 5 |  5.4
Armour         | |  2.4
Dodging        | |  2.1

Action                   |  1- 3 |  4- 6 || total
-------------------------+-------+-------++-------
Melee: Hand axe          |    44 |    14 ||    58
       Headbutt          |     6 |     7 ||    13
       War axe           |     9 |    25 ||    34
Invok: Berserk           |     1 |     2 ||     3
  Use: Scroll            |       |     1 ||     1
  Eat: Chunk             |       |     2 ||     2
Armor: Chain mail        |    27 |    21 ||    48
Dodge: Dodged            |    36 |    25 ||    61

Table legend:
 A = Spawn XP
 B = Non-spawn XP
 C = Spawn XP percentage of total XP
 D = Spawn monster count
 E = Non-spawn monster count
 F = Spawn count percentage of total count
 G = Total turns spent on level
                    A         B        C        D         E        F      G
               +---------+---------+-------+---------+---------+-------+---------
         Total |       0 |     361 |   0.0 |       0 |      42 |   0.0 |  1424
               +---------+---------+-------+---------+---------+-------+---------
           D:1 |       0 |       9 |   0.0 |       0 |       5 |   0.0 |   130
           D:2 |       0 |      65 |   0.0 |       0 |      19 |   0.0 |   656
           D:3 |       0 |     198 |   0.0 |       0 |      16 |   0.0 |   625
           D:4 |       0 |      89 |   0.0 |       0 |       2 |   0.0 |    13
               +---------+---------+-------+---------+---------+-------+---------
